 Dungeon Crawl Stone Soup version 0.26-a0-752-gcff87cac9a (webtiles) character file.

Game seed: 511282835069313219

43 Forecaster the Stinger (level 3, -2/28 HPs)
             Began as a Naga Venom Mage on Nov 6, 2020.
             Slain by a hobgoblin
             ... wielding a +0 club
             ... led by Robin
              (7 damage)
             ... on level 2 of the Dungeon.
             The game lasted 00:05:41 (1767 turns).

Forecaster the Stinger (Naga Venom Mage)            Turns: 1767, Time: 00:05:42

Health: -2/28      AC:  2    Str: 10    XL:     3   Next: 58%
Magic:  0/6        EV: 10    Int: 16    God:
Gold:   97         SH:  0    Dex: 11    Spells: 4/7 levels left

rFire    . . .     SeeInvis +   c - +0 dagger
rCold    . . .     Faith    .   (no shield)
rNeg     + . .     Spirit   .   a - +0 robe
rPois    +         Reflect  .   (no helmet)
rElec    .         Harm     .   (no cloak)
rCorr    .         Rampage  .   (no gloves)
MR       .....                  (no barding)
Stlth    ++........             (no amulet)
HPRegen  0.09/turn              e - ring of positive energy
MPRegen  0.10/turn              (no ring)

@: very slow
A: large, see invisible, deformed body, poison resistance, slowness 2, spit
poison 1, AC +1
a: Spit Poison


You were on level 2 of the Dungeon.
You visited 1 branch of the dungeon, and saw 2 of its levels.

You collected 97 gold pieces.

Inventory:

Hand Weapons
 b - a +0 short sword
 c - a +0 dagger (weapon)
Missiles
 j - 6 curare-tipped darts (quivered)
Armour
 a - a +0 robe (worn)
Jewellery
 e - a ring of positive energy (left hand)
Scrolls
 f - a scroll of fear {unknown}
 g - a scroll of identify {unknown}
 k - a scroll of noise {unknown}
Potions
 d - a potion of attraction {unknown}
 h - a potion of degeneration {unknown}
 i - a potion of curing {unknown}


   Skills:
 + Level 0.2 Short Blades
 + Level 1.5 Dodging
 + Level 3.4 Stealth
 + Level 2.5 Spellcasting
 + Level 1.1 Transmutations
 + Level 0.4 Air Magic
 + Level 5.0 Poison Magic


You had 4 spell levels left.
You knew the following spells:

 Your Spells              Type           Power        Failure   Level
a - Sting                 Tmut/Pois      ##..         5%          1
b - Poisonous Vapours     Pois/Air       ##....       10%         2

Your spell library contained the following spells:

 Spells                   Type           Power        Failure   Level
 Ignite Poison            Fire/Tmut/Pois #.......     26%         3
 Olgreb's Toxic Radiance  Pois           ###.....     26%         4
 Mephitic Cloud           Conj/Pois/Air  #.......     28%         3


Dungeon Overview and Level Annotations

Branches:
Dungeon (2/15)

Altars:

Annotations:
D:2 Robin


Innate Abilities, Weirdness & Mutations

You cannot wear boots.
Your serpentine skin is tough. (AC +1)
You have supernaturally acute eyesight. (SInv)
Armour fits poorly on your strangely shaped body.
Your system is resistant to poisons. (rPois)
You cover ground very slowly.
You can spit poison.


Message History

You closely miss the hobgoblin.
The hobgoblin is almost dead.
The hobgoblin hits you with a +0 club.
* * * LOW HITPOINT WARNING * * *
You closely miss the hobgoblin.
The hobgoblin is almost dead.
The hobgoblin hits you but does no damage.
You hit the hobgoblin but do no damage.
The hobgoblin is almost dead.
The hobgoblin hits you with a +0 club.
* * * LOW HITPOINT WARNING * * *
Casting: Poisonous Vapours (safe; 10% risk of failure)
Confirm with . or Enter, or press ? or * to list all spells.
Aiming: Poisonous Vapours (safe; 10% risk of failure)
Press: ? - help, Dir - move target cursor, f/p - Robin
Aim: Robin, wielding a +0 short sword, wearing a +0 animal skin and wearing a +0 helmet (moderately wounded) Poisonous vapours surround Robin!
The hobgoblin no longer looks unusually strong.
The hobgoblin hits you with a +0 club!
You die...

#....#.######.##.# ##........#
#.##.# #.#.#.....####.##.########
.###...........##........# ##
##..........#########.# #
#..........# #.# ## #..........
#.# .## .##.#.....##########.#
..#.###......#..@ggggg...#
...............########..########
#######....... ..................
# ...# #######...##g##### # #.
#.### .# # # #.# .# # #.# .. #
#.# .. # #.#


gg# You could see Robin, 3 hobgoblins and a goblin (strong).

Vanquished Creatures
  3 dart slugs
  A leopard gecko (D:1)
  2 bats
  2 giant cockroaches (D:1)
  9 goblins
  6 hobgoblins
  A frilled lizard (D:1)
  6 kobolds (D:1)
  A rat (D:1)
31 creatures vanquished.

Notes
Turn   | Place    | Note
-------+----------+-------------------------------------------
     0 | D:1      | Forecaster the Naga Venom Mage began the quest for the Orb.
     0 | D:1      | Reached XP level 1. HP: 15/15 MP: 3/3
   194 | D:1      | Reached XP level 2. HP: 22/22 MP: 0/5
   198 | D:1      | Learned a level 2 spell: Poisonous Vapours
   658 | D:1      | Reached XP level 3. HP: 28/28 MP: 1/6
  1732 | D:2      | Reached skill level 5 in Poison Magic
  1733 | D:2      | Noticed Robin
  1767 | D:2      | Slain by a hobgoblin

Illustrated notes

Levels and vault maps discovered:
D:1:      grunt_arrival_crossed_arrows, layout_basic
D:2:      layout_loops_ring, lightli_temple_of_fire, uniq_natasha, uniq_robin

Skill      XL: |  1  2  3 |
---------------+----------+-----
Poison Magic   | 5 |  5.0
Short Blades   | |  0.2
Dodging        | |  1.5
Stealth        | |  3.4
Spellcasting   | |  2.5
Transmutations | |  1.1
Air Magic      | |  0.4

Action                   || total
-------------------------++-------
Melee: Short sword       ||     1
       Dagger            ||    31
 Cast: Sting             ||    11
       Poisonous Vapours ||    31
Armor: Robe              ||     2
Dodge: Dodged            ||    17

Table legend: (Time is in decaauts)
 A = Elapsed time spent in this place.
 B = Non-inter-level travel time spent in this place.
 C = Inter-level travel time spent in this place.
 D = Time resting spent in this place.
 E = Time spent auto-exploring this place.
 F = Levels seen in this place.
 G = Mean time per level.
                   A        B        C        D        E       F      G
               +--------+--------+--------+--------+--------+-----+--------+
         Total |   2159 |   2119 |     40 |     48 |   1823 |   2 | 1079.5 |
       Dungeon |   2159 |   2119 |     40 |     48 |   1823 |   2 | 1079.5 |
               +--------+--------+--------+--------+--------+-----+--------+

Top non-repeatable levels by time:
     D:1: 1579 daAuts
     D:2: 580 daAuts
